 Dungeon Crawl Stone Soup version 0.20-b1 (webtiles) character file.

309 miragecloak the Insei (level 6, -5/47 HPs)
             Began as a Draconian Transmuter on May 19, 2017.
             Slain by an orc
             ... wielding a +0 whip
              (8 damage)
             ... on level 5 of the Dungeon.
             The game lasted 00:02:43 (2546 turns).

miragecloak the Insei (Draconian Transmuter)        Turns: 2546, Time: 00:02:45

Health: -5/47      AC:  6    Str: 12    XL:     6   Next: 17%
Magic:  9/9        EV: 12    Int: 14    God:
Gold:   115        SH:  5    Dex: 10    Spells: 8/9 levels left

rFire    . . .     SeeInvis .     - Unarmed
rCold    . . .     Gourm    .   (no shield)
rNeg     . . .     Faith    .   (armour unavailable)
rPois    .         Spirit   .   q - +0 hat
rElec    .         Reflect  +   (no cloak)
rCorr    .         Harm     .   (no gloves)
MR       .....                  (no boots)
Stlth    +.........             m - +5 amulet of reflection
Regen    0.2/turn               e - -3 ring of dexterity (curse)
MPRegen  0.2/turn               (no ring)

@: very slightly contaminated, slowed, very slow
A: unfitting armour, cold-blooded, AC +6
a: no special abilities


You were on level 5 of the Dungeon.
You were not hungry.

You visited 1 branch of the dungeon, and saw 5 of its levels.

You collected 115 gold pieces.

Inventory:

Missiles
 a - 94 arrows
Armour
 q - a +0 hat (worn)
Jewellery
 e - a cursed -3 ring of dexterity (left hand)
 g - a cursed ring of loudness {unknown}
 m - a +5 amulet of reflection (around neck)
Scrolls
 i - 5 scrolls of identify {unknown}
 j - a scroll of magic mapping {unknown}
 k - a scroll of amnesia {unknown}
 l - a scroll of teleportation {unknown}
 n - a scroll of noise {unknown}
 s - a scroll of enchant armour {unknown}
 t - a scroll of immolation {unknown}
Potions
 h - a potion of berserk rage {unknown}
 o - a potion of cancellation {unknown}
 p - a potion of lignification {unknown}
 r - a potion of curing {unknown}
 v - a potion of degeneration {unknown}
Books
 b - a book of Changes

   Spells                             Type                      Level
   a - Beastly Appendage              Transmutation                1
   b - Sticks to Snakes               Transmutation                2
   c - Spider Form                    Transmutation/Poison         3
   d - Ice Form                       Ice/Transmutation            4
   e - Blade Hands                    Transmutation                5
Comestibles
 c - 6 bread rations
 d - 4 fruits
 f - a meat ration


   Skills:
 - Level 1.1 Fighting
 - Level 1.7 Dodging
 + Level 7.0 Unarmed Combat
 - Level 2.0 Spellcasting
 - Level 2.0 Transmutations


You had 8 spell levels left.
You knew the following spells:

 Your Spells              Type           Power        Failure   Level  Hunger
a - Beastly Appendage     Tmut           #.....       11%         1    ##.....


Dungeon Overview and Level Annotations

Branches:
Dungeon (5/15)
 Temple: D:4-7

Altars:
Sif Muna
Vehumet

Shops:
D:4 :

Annotations:
D:3 miragecloak's ghost, weakling DrTm


Innate Abilities, Weirdness & Mutations

Your plain brown scales are hard. (AC +6)
You cannot fit into any form of body armour.
You are cold-blooded and may be slowed by cold attacks.


Message History

Things that are here:
a hand axe; an orc corpse The orc wizard gestures at you while chanting.
You feel yourself slow down. You block the orc's attack.
You closely miss the orc wizard.
The orc wizard is almost dead.
The orc wizard barely misses you. The orc barely misses you.
You block the orc wizard's attack.
You barely miss the orc wizard. Your punch misses the orc wizard.
The orc wizard is severely wounded.
The orc wizard closely misses you. You block the orc's attack.
The orc wizard closely misses you. The orc completely misses you.
You barely miss the orc wizard.
The orc wizard is severely wounded.
The orc wizard points at you and mumbles some strange words.
The magic dart hits you!
* * * LOW HITPOINT WARNING * * *
The orc wizard gestures wildly while chanting.
The orc wizard blinks!
The orc hits you with a whip!
You die...

#.........#.......#####
#######....##.##......#
#....##.##.####.#
#.......##.#
##...#####!# #...# #(#
# #...# #)##.#.##
...#####)o......
......†@(......
.......§.#.....
.[..o..........
...............
#######........
..##..... #.. ....# ###
#.###


You could see an orc wizard and an orc.

Vanquished Creatures
  An ogre (D:4)
  2 centaur skeletons
  Terence (D:2)
  A worker ant (D:4)
  5 adders
  2 oozes
  2 adder skeletons
  3 worms
  A leopard gecko (D:1)
  2 orcs (D:5)
  2 ball pythons
  3 giant cockroaches
  6 goblins
  8 hobgoblins
  2 jackals (D:4)
  5 kobolds
  6 bats
  6 frilled lizards
  3 rats
61 creatures vanquished.

Notes
Turn   | Place    | Note
-------+----------+-------------------------------------------
     0 | D:1      | miragecloak the Draconian Transmuter began the quest for the Orb.
     0 | D:1      | Reached XP level 1. HP: 16/16 MP: 3/3
   138 | D:1      | Reached XP level 2. HP: 21/23 MP: 3/5
   417 | D:1      | Reached skill level 4 in Unarmed Combat
   588 | D:1      | Reached XP level 3. HP: 23/28 MP: 4/6
   632 | D:2      | Noticed Terence
   779 | D:2      | Killed Terence
   919 | D:2      | Reached XP level 4. HP: 21/35 MP: 7/7
  1112 | D:2      | Reached skill level 5 in Unarmed Combat
  1817 | D:3      | Noticed miragecloak's ghost (weakling DrTm)
  1830 | D:4      | Reached XP level 5. HP: 31/40 MP: 6/8
  1875 | D:4      | Reached skill level 6 in Unarmed Combat
  2137 | D:4      | Found Asing's Book Boutique.
  2188 | D:4      | Found a deep blue altar of Sif Muna.
  2189 | D:4      | Found a radiant altar of Vehumet.
  2281 | D:4      | Noticed an ogre
  2288 | D:4      | Killed an ogre
  2288 | D:4      | Reached XP level 6. HP: 32/47 MP: 7/9
  2476 | D:5      | Entered Level 5 of the Dungeon
  2528 | D:5      | Reached skill level 7 in Unarmed Combat
  2546 | D:5      | Slain by an orc

Skill      XL: |  1  2  3  4  5  6 |
---------------+-------------------+-----
Unarmed Combat | 4 5 6 7 |  7.0
Fighting       | |  1.1
Dodging        | |  1.7
Spellcasting   | |  2.0
Transmutations | |  2.0

Action                   |  1- 3 |  4- 6 || total
-------------------------+-------+-------++-------
Melee: Unarmed           |    93 |   121 ||   214
       Tailslap          |     9 |    11 ||    20
       Kick              |     7 |    17 ||    24
       Headbutt          |     4 |     4 ||     8
       Punch             |     1 |     5 ||     6
 Cast: Beastly Appendage |    26 |    29 ||    55
 Stab: Sleeping          |     1 |       ||     1
  Eat: Chunk             |       |     7 ||     7
Armor: Skin              |    27 |    31 ||    58
Dodge: Dodged            |    55 |    73 ||   128
Block: Other             |       |    11 ||    11
       Reflection        |       |     1 ||     1
